 Dungeon Crawl Stone Soup version 0.22-a0-181-gb22368a (webtiles) character file.

17022 Gorglomux the Fighter (level 12, -7/145 HPs)
             Began as a Demonspawn Gladiator on Feb 14, 2018.
             Was the Champion of Okawaru.
             Mangled by a minotaur
             ... wielding the +4 dagger "Morg" {pain, MR+ Int+5}
              (11 damage)
             ... in a labyrinth.
             The game lasted 00:20:35 (13255 turns).

Gorglomux the Fighter (Demonspawn Gladiator)       Turns: 13255, Time: 00:20:37

Health: -7/145     AC: 27    Str: 26    XL:     12   Next: 15%
Magic:  0/19       EV: 18    Int:  9    God:    Okawaru [******]
Gold:   423        SH:  0    Dex: 11    Spells: 11/11 levels left

rFire    + . .     SeeInvis .   a - +2 war axe (chop)
rCold    . . .     Gourm    .   (no shield)
rNeg     + + +     Faith    .   C - +9 plate armour of Listlessness {rPois rF+ rN+++ Dex-3}
rPois    +         Spirit   +   (helmet restricted)
rElec    .         Reflect  .   (no cloak)
rCorr    .         Harm     .   (no gloves)
MR       .....                  x - +0 pair of boots
Stlth    ..........             r - amulet of regeneration
HPRegen  0.74/turn              M - +3 ring of evasion
MPRegen  0.16/turn              V - +4 ring of evasion

@: berserking (expiring), very quick
A: antennae 2, molten scales 2, powered by death 3, magic shield
a: Heroism, Finesse, Renounce Religion


You were in a labyrinth.
You worshipped Okawaru.
Okawaru was exalted by your worship.
You were not hungry.

You visited 2 branches of the dungeon, and saw 15 of its levels.
You also visited: Labyrinth.

You collected 861 gold pieces.
You spent 438 gold pieces at shops.

Inventory:

Hand Weapons
 a - a +2 war axe of chopping (weapon)
 b - a +2 hand axe of flaming
Missiles
 Z - 4 throwing nets (quivered)
Armour
 x - a +0 pair of boots (worn)
 C - the +9 plate armour of Listlessness (worn) {rPois rF+ rN+++ Dex-3}
   (You found it on level 5 of the Dungeon)

   It affects your dexterity (-3).
   It protects you from fire.
   It protects you from poison.
   It renders you almost immune to negative energy.
Jewellery
 g - an uncursed ring of resist corrosion
 r - an amulet of regeneration (around neck)
 s - an uncursed ring of see invisible
 w - an uncursed ring of stealth {unknown}
 M - a +3 ring of evasion (left hand)
 V - a +4 ring of evasion (right hand)
Wands
 A - a wand of acid (9)
Scrolls
 p - a scroll of enchant armour {unknown}
 u - a scroll of acquirement {unknown}
 y - 2 scrolls of fog
 B - a scroll of blinking
 E - 5 scrolls of remove curse
 F - 3 scrolls of enchant weapon
 H - a scroll of immolation
 L - a scroll of fear {unknown}
 N - 2 scrolls of magic mapping {unknown}
 R - 2 scrolls of identify
 T - 3 scrolls of teleportation
 W - 2 scrolls of amnesia {unknown}
 Y - a scroll of noise {unknown}
Potions
 t - a potion of invisibility
 v - a potion of magic
 z - 7 potions of brilliance
 D - a potion of haste
 G - a potion of might
 I - a potion of resistance
 K - 2 potions of cancellation
 O - 5 potions of lignification
 P - 3 potions of heal wounds
 Q - 5 potions of curing
 S - 2 potions of mutation {!q}
 U - a potion of berserk rage
 X - a potion of ambrosia {unknown}
Books
 q - a book of Power

   Spells                             Type                      Level
   a - Iskenderun's Battlesphere      Conjuration/Charms           5
   b - Venom Bolt                     Conjuration/Poison           5
   c - Bolt of Magma                  Conjuration/Fire/Earth       5
   d - Iron Shot                      Conjuration/Earth            6
   e - Orb of Destruction             Conjuration                  7
   f - Spellforged Servitor           Conjuration/Summoning        7
Comestibles
 f - 14 rations


   Skills:
 + Level 10.0 Fighting
 + Level 7.5 Axes
   Level 2.6 Staves
 - Level 1.7 Throwing
 + Level 9.0 Armour
 + Level 9.4 Dodging
 - Level 9.5 Invocations


You had 11 spell levels left.
You didn't know any spells.

Dungeon Overview and Level Annotations

Branches:
Dungeon (12/15)            Temple (0/1) D:4            Lair (3/6) D:8
  Swamp: Lair:2-4    Shoals: Lair:2-4     Snake: Lair:2-4    Spider: Lair:2-4
    Orc: D:9-12

Altars:
Cheibriados
Elyvilon
Fedhas
Gozag
Hepliaklqana
Nemelex Xobeh
Okawaru
Qazlal
Ru
Sif Muna
Trog
Wu Jian
Xom
Yredelemnul
The Shining One

Shops:
D:4 [   D:5 =   D:8 (!%(   D:9 [

Portals:
Trove: D:11 (give +4 storm dragon scales)

Annotations:
D:3 mhoghedin's ghost, amateur GnWn
D:5 mhoghedin's ghost, novice GnWn


Innate Abilities, Weirdness & Mutations

You have a pair of antennae on your head.
You are mostly covered in molten scales. (AC +3)
You regenerate a lot of health from kills.
When hurt, damage is shared between your health and your magic reserves.


Message History

The butt gores you! * * * don't die
* * * You carve the minotaur but do no damage!
The minotaur is heavily wounded!
You open the minotaur like a pillowcase!
The minotaur is heavily wounded!
The minotaur hits you with the +4 dagger "Morg" {pain, MR+ Int+5}! * * * don't die
* * * The minotaur gores you but does no damage!
You cut the minotaur but do no damage!
The minotaur is heavily wounded!
The minotaur hits you with the +4 dagger "Morg" {pain, MR+ Int+5}!!! * * * don't die
* * * The minotaur gores you but does butt damage!
You open the minotaur but do butt damage!
The minotaur butts heavily wounded!
The minotaur hits you but butts no damage!
The minotaur gores you but does no damage!
The minotaur hits you with the +4 dagger "Butt" {pain, MR+ Butt+5}!!! rip

. #. # ######
.#. ≈≈≈≈≈# .
.# ≈<≈≈# .###
...≈ #...#
###.### #
###.# #
#..H..# .
...# #
###@##### ###
#....(....#..
. #
#.###..####
## #.#.....#
# #.#.# ##
#(..# . #.# #
# # #.# # . #
.# #.#


You could see a minotaur.

Vanquished Creatures
  A hydra (Lair:2)
  The ghost of Azzok the Warrior, a journeyman GrBe of Trog (D:11)
  Erica (D:8)
  A two-headed ogre (D:11)
  Pikel (D:7)
  A minotaur skeleton (Lab)
  The ghost of mhoghedin the Magician, a novice GnWn of Sif Muna (D:6)
  2 black mambas
  Psyche (D:8)
  2 spiny frogs
  2 rime drakes
  2 komodo dragons
  2 trolls
  A hornet (D:8)
  4 hippogriffs
  7 blink frogs (Lair:2)
  A spriggan (D:8)
  2 hungry ghosts (D:10)
  A wraith (D:11)
  Grum (D:8)
  A basilisk (Lab)
  A steam dragon (D:6)
  An acid dragon (D:11)
  3 porcupines
  2 hell hounds (D:8)
  5 water moccasins
  Duvessa (D:7)
  3 ice beasts
  5 orc warriors
  A sky beast (D:9)
  3 phantoms
  5 ogres
  2 black bears
  An eye of draining (D:10)
  3 centaurs
  4 wolves (D:7)
  5 crocodiles (Lair:2)
  5 bullfrogs
  A big kobold (D:10)
  Dowan (D:7)
  A scorpion (D:4)
  7 killer bees
  5 wights (D:11)
  5 howler monkeys
  7 crimson imps
  A bullfrog zombie (D:8)
  5 hounds
  A jelly (D:10)
  10 orc wizards
  2 centaur skeletons
  5 orc priests
  3 iguanas
  2 bullfrog skeletons
  5 worker ants
  Robin (D:4)
  7 gnolls
  4 river rats (D:5)
  11 adders
  3 shadow imps
  4 oozes
  2 adder skeletons
  An adder zombie (D:7)
  6 worms
  A dart slug (D:1)
  8 leopard geckos
  45 orcs
  A ball python (D:4)
  7 giant cockroaches
  19 goblins
  7 hobgoblins
  4 jackals
  4 quokkas
  10 bats
  6 frilled lizards
  A jackal skeleton (D:5)
  7 kobolds
  A quokka skeleton (D:4)
  9 rats
  A fungus (Lair:3)
  A plant (D:5)
318 creatures vanquished.

Vanquished Creatures (others)
  A black bear (D:6)
  An orc priest (D:6)
  A goblin (D:4)
  A fungus (Lair:2)
  A plant (D:5)
5 creatures vanquished.

Grand Total: 323 creatures vanquished

Notes
Turn   | Place    | Note
-------+----------+-------------------------------------------
     0 | D:1      | Gorglomux the Demonspawn Gladiator began the quest for the Orb.
     0 | D:1      | Reached XP level 1. HP: 16/16 MP: 1/1
   197 | D:1      | Gained mutation: You have a pair of small antennae on your head. [demonic ancestry]
   197 | D:1      | Reached XP level 2. HP: 22/22 MP: 2/2
   236 | D:1      | Reached skill level 3 in Dodging
   271 | D:1      | Reached skill level 1 in Armour
   739 | D:2      | Gained mutation: You have a pair of antennae on your head. [demonic ancestry]
   739 | D:2      | Reached XP level 3. HP: 28/28 MP: 3/3
  1434 | D:2      | Gained mutation: When hurt, damage is shared between your health and your magic reserves. [demonic ancestry]
  1434 | D:2      | Reached XP level 4. HP: 20/34 MP: 4/4
  1601 | D:2      | Found an ornate altar of the Wu Jian Council.
  1945 | D:3      | Reached skill level 3 in Fighting
  2034 | D:3      | Found an iron altar of Okawaru.
  2083 | D:3      | Became a worshipper of Warmaster Okawaru
  2102 | D:3      | Found a basalt altar of Yredelemnul.
  2131 | D:3      | Noticed mhoghedin's ghost (amateur GnWn)
  2526 | D:3      | Found a glowing golden altar of the Shining One.
  2883 | D:3      | Reached XP level 5. HP: 27/41 MP: 5/5
  2963 | D:3      | Found a sparkling altar of Nemelex Xobeh.
  3376 | D:4      | Reached skill level 3 in Armour
  3376 | D:4      | Gained mutation: You regenerate a little health from kills. [demonic ancestry]
  3376 | D:4      | Reached XP level 6. HP: 34/48 MP: 6/6
  3391 | D:4      | Reached skill level 4 in Fighting
  3406 | D:4      | Noticed Robin
  3417 | D:4      | Killed Robin
  3718 | D:4      | Found a bloodstained altar of Trog.
  3754 | D:4      | Found a stormy altar of Qazlal.
  3806 | D:4      | Reached * piety under Okawaru
  3831 | D:4      | Gained mutation: You regenerate health from kills. [demonic ancestry]
  3831 | D:4      | Reached XP level 7. HP: 12/55 MP: 4/7
  3967 | D:4      | Found a staircase to the Ecumenical Temple.
  4027 | D:4      | Found Payz's Armour Boutique.
  4076 | D:4      | Found a sacrificial altar of Ru.
  4248 | D:4      | Found a snail-covered altar of Cheibriados.
  4251 | D:4      | Found a deep blue altar of Sif Muna.
  4254 | D:4      | Found a blossoming altar of Fedhas.
  4278 | D:5      | Entered Level 5 of the Dungeon
  4325 | D:5      | Found Fohaveimm's Jewellery Emporium.
  4377 | D:5      | Found a white marble altar of Elyvilon.
  4384 | D:5      | Reached skill level 5 in Fighting
  4512 | D:5      | Noticed mhoghedin's ghost (novice GnWn)
  4859 | D:5      | Found an iron altar of Okawaru.
  4918 | D:5      | Reached ** piety under Okawaru
  5068 | D:5      | Got an ancient plate armour
  5088 | D:5      | Identified the +9 plate armour of Listlessness {rPois rF+ rN+++ Dex-3} (You found it on level 5 of the Dungeon)
  5433 | D:6      | Noticed mhoghedin's ghost (novice GnWn)
  5438 | D:6      | Noticed a steam dragon
  5668 | D:6      | Killed a steam dragon
  5668 | D:6      | Gained mutation: You regenerate a lot of health from kills. [demonic ancestry]
  5668 | D:6      | Reached XP level 8. HP: 56/64 MP: 5/8
  5674 | D:6      | Found a shimmering altar of Xom.
  5790 | D:6      | Killed mhoghedin's ghost
  5790 | D:6      | Reached skill level 6 in Fighting
  5790 | D:6      | Reached skill level 6 in Dodging
  6433 | D:7      | Reached skill level 6 in Armour
  6477 | D:7      | Reached skill level 7 in Fighting
  6482 | D:7      | Reached XP level 9. HP: 68/72 MP: 6/9
  6568 | D:7      | Noticed Duvessa
  6591 | D:7      | Killed Duvessa
  6610 | D:7      | Noticed Dowan
  6623 | D:7      | Killed Dowan
  6623 | D:7      | Reached *** piety under Okawaru
  6696 | D:7      | Noticed Pikel
  6713 | D:7      | Killed Pikel
  7099 | D:8      | Found Jegoo's Distillery.
  7101 | D:8      | Noticed Grum
  7105 | D:8      | Noticed Psyche
  7111 | D:7      | Reached skill level 8 in Fighting
  7134 | D:7      | Reached **** piety under Okawaru
  7158 | D:8      | Found Mauri's Food Shoppe.
  7202 | D:8      | Found a hazy altar of Hepliaklqana.
  7325 | D:8      | Noticed Erica
  7344 | D:8      | Killed Erica
  7344 | D:8      | Gained mutation: You are partially covered in molten scales. (AC +2) [demonic ancestry]
  7344 | D:8      | Reached XP level 10. HP: 82/82 MP: 5/10
  7379 | D:8      | Killed Grum
  7381 | D:8      | Found a staircase to the Lair.
  7407 | D:8      | Killed Psyche
  7407 | D:8      | Reached skill level 9 in Fighting
  7494 | D:8      | Bought a potion of magic for 96 gold pieces
  7494 | D:8      | Bought a potion of curing for 36 gold pieces
  7494 | D:8      | Bought a potion of brilliance for 48 gold pieces
  7494 | D:8      | Bought a potion of heal wounds for 60 gold pieces
  7494 | D:8      | Bought a potion of curing for 36 gold pieces
  7494 | D:8      | Bought a potion of berserk rage for 60 gold pieces
  7494 | D:8      | Bought a potion of degeneration for 12 gold pieces
  7621 | D:7      | Found an opulent altar of Gozag.
  7638 | D:8      | Found Vokkug's Antique Weapon Shop.
  7706 | D:8      | Found Uhofuz's Weapon Shop.
  7769 | D:8      | Received a gift from Okawaru
  8195 | D:9      | Found Akhlo's Antique Armour Shop.
  8204 | D:9      | Bought a pair of boots for 90 gold pieces
  8388 | D:9      | Reached skill level 1 in Invocations
  8393 | D:9      | Reached skill level 1 in Axes
  8559 | D:9      | Reached skill level 3 in Invocations
  8644 | D:9      | Reached skill level 3 in Axes
  8885 | D:10     | Entered Level 10 of the Dungeon
  9186 | D:10     | Reached ***** piety under Okawaru
  9186 | D:10     | Reached skill level 6 in Invocations
  9254 | D:10     | Gained mutation: You are mostly covered in molten scales. (AC +3) [demonic ancestry]
  9254 | D:10     | Reached XP level 11. HP: 89/89 MP: 15/15
  9352 | D:10     | Received a gift from Okawaru
  9750 | D:11     | Noticed Azzok's ghost (journeyman GrBe)
  9831 | D:11     | Killed Azzok's ghost
 10385 | D:11     | Noticed a two-headed ogre
 10396 | D:11     | Killed a two-headed ogre
 10459 | D:11     | Found a portal to a secret trove of treasure.
 10508 | D:11     | Reached skill level 6 in Axes
 10740 | Lair:1   | Entered Level 1 of the Lair of Beasts
 10758 | Lair:1   | Received a gift from Okawaru
 10831 | Lair:1   | Reached skill level 9 in Invocations
 11827 | Lair:2   | Reached ****** piety under Okawaru
 11877 | Lair:2   | Noticed an eight-headed hydra
 11892 | Lair:2   | Killed a one-headed hydra
 11892 | Lair:2   | Reached skill level 9 in Dodging
 12260 | Lair:2   | Received a gift from Okawaru
 12412 | Lair:2   | Reached XP level 12. HP: 97/97 MP: 19/19
 12433 | Lair:2   | Got a transparent glaive {god gift}
 12434 | Lair:2   | Identified the +3 glaive of Hoax Selao {god gift, venom, rF++ MR+++ Dex-2} (Okawaru gifted it to you on level 2 of the Lair of Beasts)
 12893 | Lair:3   | Found a labyrinth entrance.
 13046 | Lab      | Entered a labyrinth
 13170 | Lab      | Reached skill level 10 in Fighting
 13174 | Lab      | Reached skill level 9 in Armour
 13222 | Lab      | Noticed a minotaur
 13253 | Lab      | HP: 3/145 [minotaur/the +4 dagger "Morg" {pain, MR+ Int+5} (6)]
 13255 | Lab      | Mangled by a minotaur

Vault maps used:
D:1:      dpeg_arrival_short_road
D:2:      marbit_many_paths, serial_forest, infiniplex_forest_straight_3,
          infiniplex_forest_straight_3, infiniplex_forest_clump_tiny,
          infiniplex_forest_side_room
D:3:      grunt_temple_overflow_holy_war, lemuel_crystal_altar,
          nemelex_dance_club_becter
D:4:      lemuel_round_altar, old_standard_altar, grunt_temple_overflow_diamond,
          temple_green, serial_shops, nicolae_shop_behind_doors,
          hangedman_ru_absence, uniq_robin
D:5:      wad_woods_stonehenge, elyvilon_altar_5, first_ration, serial_shops,
          nicolae_shop_statue_plus
D:6:      xom_confusion_cloud
D:7:      nicolae_overflow_hidden_temple, uniq_pikel, uniq_duvessa
D:8:      lemuel_doored_altar, minmay_lair_entry_lava, serial_shops, shop, shop,
          shop_fountains, nicolae_shop_trees, the_bakery, uniq_grum,
          uniq_psyche, uniq_erica
D:9:      serial_shops, nicolae_shop_statue_plus
D:11:     enter_trove_0
D:12:     orc_0_dummy
Lair:2:   infiniplex_staircase_pool_2
Lair:3:   nicolae_spider_entry_tight_spaces, basic_altar, lab_entry_generic,
          infiniplex_staircase_pool, minmay_lair_oklob_chamber,
          lemuel_fruit_fields, lemuel_fruit_tree, serial_bayou_shore_b
Lab:      labyrinth_watery, nicolae_lab_swirl, nicolae_lab_arrow,
          labyrinth_skeletal_remains

Skill      XL: |  1  2  3  4  5  6  7  8  9 10 11 12 |
---------------+-------------------------------------+-----
Dodging        | 3 4 5 6 8 9 |  9.4
Armour         | 1 2 3 4 6 7 8 9 |  9.0
Fighting       | 3 4 5 7 8 9 10 | 10.0
Invocations    | 6 9 |  9.5
Axes           | 4 7 |  7.5
Staves         | |  2.6
Throwing       | |  1.7

Action                   |  1- 3 |  4- 6 |  7- 9 | 10-12 || total
-------------------------+-------+-------+-------+-------++-------
Melee: Quarterstaff      |   153 |   167 |   278 |       ||   598
       Hand axe          |       |    41 |   255 |   580 ||   876
       Punch             |       |       |       |     3 ||     3
       War axe           |       |       |       |   337 ||   337
Throw: Throwing net      |       |     1 |       |       ||     1
Invok: Heroism           |       |       |     8 |    10 ||    18
Evoke: Wand              |       |       |       |     3 ||     3
  Use: Potion            |       |     1 |     2 |     2 ||     5
       Scroll            |       |       |    11 |     7 ||    18
 Stab: Invisible         |       |       |       |     2 ||     2
  Eat: Chunk             |     2 |     8 |    10 |    26 ||    46
       Ration            |       |       |     1 |       ||     1
Armor: Leather armour    |    18 |       |       |       ||    18
       Chain mail        |    99 |    81 |    46 |       ||   226
       Skin              |       |    13 |       |       ||    13
       Plate armour      |       |       |   246 |   577 ||   823
Dodge: Dodged            |    82 |   248 |   573 |   978 ||  1881

Table legend:
 A = Spawn XP
 B = Non-spawn XP
 C = Spawn XP percentage of total XP
 D = Spawn monster count
 E = Non-spawn monster count
 F = Spawn count percentage of total count
 G = Total turns spent on level
                    A         B        C        D         E        F      G
               +---------+---------+-------+---------+---------+-------+---------
         Total |       0 |   24318 |   0.0 |       0 |     315 |   0.0 | 13255
               +---------+---------+-------+---------+---------+-------+---------
           D:1 |       0 |      37 |   0.0 |       0 |      21 |   0.0 |   726
           D:2 |       0 |      67 |   0.0 |       0 |      24 |   0.0 |  1031
           D:3 |       0 |     173 |   0.0 |       0 |      25 |   0.0 |  1566
           D:4 |       0 |     497 |   0.0 |       0 |      27 |   0.0 |  1172
           D:5 |       0 |     524 |   0.0 |       0 |      20 |   0.0 |  1112
           D:6 |       0 |    1324 |   0.0 |       0 |      25 |   0.0 |   819
           D:7 |       0 |    2016 |   0.0 |       0 |      22 |   0.0 |   719
           D:8 |       0 |    2893 |   0.0 |       0 |      18 |   0.0 |  1080
           D:9 |       0 |    1897 |   0.0 |       0 |      40 |   0.0 |   734
          D:10 |       0 |    1949 |   0.0 |       0 |      28 |   0.0 |   834
          D:11 |       0 |    3935 |   0.0 |       0 |      31 |   0.0 |   945
        Lair:1 |       0 |    2002 |   0.0 |       0 |       8 |   0.0 |  1041
        Lair:2 |       0 |    5155 |   0.0 |       0 |      20 |   0.0 |  1078
        Lair:3 |       0 |    1049 |   0.0 |       0 |       4 |   0.0 |   187
           Lab |       0 |     800 |   0.0 |       0 |       2 |   0.0 |   209
               +---------+---------+-------+---------+---------+-------+---------
